 Dungeon Crawl Stone Soup version 0.23.2-1-ga50397a6bc (webtiles) character file.

Game seed: 2052704406011204260

87 MisterOstroum the Poker (level 4, 0/36 HPs)
             Began as a Merfolk Skald on May 21, 2019.
             Succumbed to an adder's poison
             ... on level 2 of the Dungeon.
             The game lasted 00:02:47 (1880 turns).

MisterOstroum the Poker (Merfolk Skald)             Turns: 1880, Time: 00:02:47

Health: 0/36       AC:  3    Str: 12    XL:     4   Next: 51%
Magic:  7/7        EV: 12    Int: 12    God:
Gold:   72         SH:  0    Dex: 13    Spells: 3/7 levels left

rFire    . . .     SeeInvis .   a - +0 spear
rCold    . . .     Gourm    .   (no shield)
rNeg     . . .     Faith    .   b - +0 leather armour
rPois    .         Spirit   .   (no helmet)
rElec    .         Reflect  .   (no cloak)
rCorr    .         Harm     .   (no gloves)
MR       .....                  (no boots)
Stlth    +.........             (no amulet)
HPRegen  0.12/turn              (no ring)
MPRegen  0.10/turn              (no ring)

@: lethally poisoned (0 -> -5)
A: change form in water, swift swim, stealthy swim
a: no special abilities


You were on level 2 of the Dungeon.
You were hungry.

You visited 1 branch of the dungeon, and saw 2 of its levels.

You collected 72 gold pieces.

Inventory:

Hand Weapons
 a - a +0 spear (weapon)
Missiles
 g - 41 stones (quivered)
Armour
 b - a +0 leather armour (worn)
Wands
 i - a wand of clouds (6)
Scrolls
 c - a scroll of teleportation {unknown}
 d - a scroll of identify {unknown}
 f - a scroll of enchant weapon {unknown}
 k - a scroll of remove curse {unknown}
 l - a scroll of amnesia {unknown}
 m - a scroll of fear {unknown}
Potions
 j - a potion of heal wounds {unknown}
Comestibles
 e - 2 rations


   Skills:
 + Level 3.6 Fighting
 + Level 4.9 Polearms
 - Level 0.6 Armour
 - Level 2.6 Dodging
 - Level 2.0 Spellcasting
 + Level 3.7 Charms


You had 3 spell levels left.
You knew the following spells:

 Your Spells              Type           Power        Failure   Level  Hunger
a - Infusion              Chrm           ##..         8%          1    ##.....
b - Spectral Weapon       Hex/Chrm       #.......     43%         3    ####...

Your spell library contained the following spells:

 Spells                   Type           Power        Failure   Level  Hunger
 Song of Slaying          Chrm           ##......     11%         2    ###....
 Shroud of Golubria       Chrm/Tloc      #.........   24%         2    ###....
 Regeneration             Chrm/Necr      #.........   43%         3    ####...


Dungeon Overview and Level Annotations

Branches:
Dungeon (2/15)

Altars:


Message History

An adder is nearby!
An adder is nearby!
Throwing (i - inventory)
g - 44 stones (quivered)
Press: ? - help, Shift-Dir - straight line, f - adder
Aim: an adder You throw a stone.
The stone hits the adder but does no damage.
A goblin comes into view.
Throwing (i - inventory)
g - 43 stones (quivered)
Press: ? - help, Shift-Dir - straight line, f/p - adder
Aim: an adder You throw a stone.
The goblin shouts!
The stone hits the adder but does no damage.
Throwing (i - inventory)
g - 42 stones (quivered)
Press: ? - help, Shift-Dir - straight line, f/p - adder
Aim: an adder You throw a stone.
The stone closely misses the adder.
You closely miss the adder. The adder bites you.
You are poisoned.
The adder poisons you!
You hit the adder.
The adder is heavily wounded.
You feel sick. The adder closely misses you.
You miss the adder.
The adder is heavily wounded.
The adder bites you but does no damage.
You barely miss the adder.
The adder is heavily wounded.
You feel sick. The adder closely misses you. The frilled lizard bites you.
You closely miss the adder.
The adder is heavily wounded.
The adder bites you. The frilled lizard bites you.
You closely miss the adder.
The adder is heavily wounded.
You feel sick. The adder bites you. The goblin hits you.
The frilled lizard misses you. The adder bites you but does no damage.
You are too injured to fight recklessly!
You are too injured to fight recklessly!
You are too injured to fight recklessly!
You are too injured to fight recklessly!
You are too injured to fight recklessly!
You are too injured to fight recklessly!
You are too injured to fight recklessly!
You are too injured to fight recklessly!
You are too injured to fight recklessly!
You are too injured to fight recklessly!
You are too injured to fight recklessly!
You are too injured to fight recklessly!
You are too injured to fight recklessly!
You are too injured to fight recklessly!
You are too injured to fight recklessly!
You are too injured to fight recklessly!
You are too injured to fight recklessly!
You are too injured to fight recklessly!
You are too injured to fight recklessly!
You are too injured to fight recklessly!
You are too injured to fight recklessly!
You are too injured to fight recklessly!
You are too injured to fight recklessly!
You are too injured to fight recklessly!
You are too injured to fight recklessly!
You are too injured to fight recklessly!
You are too injured to fight recklessly!
You are too injured to fight recklessly!
You are too injured to fight recklessly!
You are too injured to fight recklessly!
You are too injured to fight recklessly!
You are too injured to fight recklessly!
You barely miss the adder.
The adder is heavily wounded.
The goblin hits you. The frilled lizard bites you. The adder barely misses you.
You closely miss the adder.
The adder is heavily wounded.
The goblin barely misses you. The adder bites you.
You are more poisoned.
The adder poisons you! The frilled lizard closely misses you.
You miss the adder.
The adder is heavily wounded.
You feel sick. The adder closely misses you. The goblin hits you.
The frilled lizard bites you but does no damage.
You barely miss the adder.
The adder is heavily wounded.
You feel sick. The adder bites you. The goblin closely misses you.
You hit the adder.
The adder is severely wounded.
The frilled lizard bites you. The adder bites you.
* * * LOW HITPOINT WARNING * * *
The goblin hits you.
* * * LOW HITPOINT WARNING * * *
You are feeling hungry.
You hit the adder.
You kill the adder!
You feel sick. The frilled lizard closely misses you.
It was a potion of cancellation.
You feel magically purged. The goblin hits you.
* * * LOW HITPOINT WARNING * * *
The frilled lizard bites you.
* * * LOW HITPOINT WARNING * * *
You die...

##.##.............#
.............######
##.##.###.#### ...##.#
#.# ##. ......# #.# ....
.....####.## #?... ..)..#
#...# #..... ....)#
#...########...... ...###
#...##...@.l..#.## .....#
#...##.##..?..(.((
#.##.###.....)....g.....#
#.#..............#...#..#
#....................# ..
###..............#..<$.
####.###.........#..##..
.....# #...#####........#
###### #...# ####.#####


You could see a goblin and a frilled lizard.

Vanquished Creatures
  3 adders (D:2)
  An ooze (D:1)
  3 worms (D:2)
  3 dart slugs (D:1)
  3 leopard geckos
  2 ball pythons
  6 bats
  A giant cockroach (D:1)
  4 goblins
  3 hobgoblins
  2 jackals (D:1)
  2 quokkas (D:2)
  A frilled lizard (D:2)
  4 kobolds
  2 rats
40 creatures vanquished.

Notes
Turn   | Place    | Note
-------+----------+-------------------------------------------
     0 | D:1      | MisterOstroum the Merfolk Skald began the quest for the
                  | Orb.
     0 | D:1      | Reached XP level 1. HP: 16/16 MP: 3/3
    43 | D:1      | Reached XP level 2. HP: 16/23 MP: 0/5
   385 | D:1      | Reached skill level 4 in Polearms
   562 | D:1      | Reached XP level 3. HP: 29/29 MP: 6/6
   599 | D:1      | Learned a level 3 spell: Spectral Weapon
  1409 | D:2      | Reached XP level 4. HP: 33/35 MP: 3/7
  1879 | D:2      | HP: 1/36 [frilled lizard (2)]
  1880 | D:2      | Succumbed to an adder's poison

Skill      XL: |  1  2 |
---------------+-------+-----
Fighting       | 3 |  3.6
Polearms       | 4 |  4.9
Armour         | |  0.6
Dodging        | |  2.6
Spellcasting   | |  2.0
Charms         | |  3.7

Action                   |  1- 3 |  4- 6 || total
-------------------------+-------+-------++-------
Melee: Spear             |   136 |    40 ||   176
Throw: Stone             |    34 |    15 ||    49
 Cast: Infusion          |     6 |     3 ||     9
  Use: Potion            |       |     1 ||     1
 Stab: Sleeping          |     1 |       ||     1
  Eat: Chunk             |     2 |     1 ||     3
Armor: Leather armour    |    21 |     5 ||    26
Dodge: Dodged            |    61 |    20 ||    81
